 Dungeon Crawl Stone Soup version 0.28.0-53-g5a82cb258f (webtiles) character file.

Game seed: 9970284316070766912

216 dranuc9 the Conjurer (level 5, -4/28 HPs)
             Began as a Deep Elf Conjurer on June 26, 2022.
             Slain by a black bear (10 damage)
             ... on level 4 of the Dungeon.
             The game lasted 00:24:34 (3771 turns).

dranuc9 the Conjurer (Deep Elf Conjurer)            Turns: 3771, Time: 00:24:34

Health: -4/28      AC:  7    Str:  4    XL:     5   Next: 61%
Magic:  10/14      EV: 12    Int: 25    God:
Gold:   83         SH:  0    Dex: 13    Spells: 10/13 levels left

rFire   + . .      SeeInvis .   n - +2 dagger (venom)
rCold   . . .      Faith    .   (no shield)
rNeg    . . .      Spirit   .   a - +0 robe
rPois   .          Reflect  .   (no helmet)
rElec   .          Harm     .   o - +0 cloak
rCorr   .          Rampage  .   (no gloves)
Will    .....                   (no boots)
Stlth   ++........              (no amulet)
HPRegen 0.09/turn               b - ring of protection from fire
MPRegen 0.14/turn               k - +4 ring of protection

@: no status effects
A: no striking features
a: no special abilities


You were on level 4 of the Dungeon.
You visited 1 branch of the dungeon, and saw 4 of its levels.

You collected 83 gold pieces.

Inventory:

Hand Weapons
 l - a +0 dagger of venom
 n - a +2 dagger of venom (weapon)
Missiles
 h - 8 sling bullets
 j - 22 arrows
 p - a silver boomerang
Armour
 a - a +0 robe (worn)
 o - a +0 cloak (worn)
Jewellery
 b - a ring of protection from fire (left hand)
 k - a +4 ring of protection (right hand)
Scrolls
 c - 3 scrolls of amnesia
 g - 4 scrolls of identify
 i - a scroll of enchant weapon {unknown}
 m - a scroll of teleportation
 q - a scroll of enchant armour {unknown}
 r - a scroll of summoning {unknown}
Potions
 d - 2 potions of degeneration (quivered)
 e - 2 potions of heal wounds
 f - a potion of magic {unknown}


   Skills:
 + Level 2.7 Dodging
 + Level 3.0 Stealth
 + Level 4.9 Spellcasting
 + Level 6.5 Conjurations


You had 10 spell levels left.
You knew the following spells:

 Your Spells              Type           Power      Damage    Failure   Level
a - Magic Dart            Conj           100%       1d8       1%          1
b - Searing Ray           Conj           76%        2d7       1%          2

Your spell library contained the following spells:

 Spells                   Type           Power      Damage    Failure   Level
 Dazzling Flash           Conj/Hex       44%        N/A       6%          3
 Freeze                   Ice            24%        1d5       9%          1
 Mephitic Cloud           Conj/Pois/Air  17%        N/A       10%         3
 Corpse Rot               Necr/Air       12%        N/A       13%         2
 Poisonous Vapours        Pois/Air       12%        N/A       13%         2
 Fulminant Prism          Conj/Hex       11%        3d9       22%         4
 Hailstorm                Conj/Ice       22%        3d7       22%         4
 Iskenderun's Mystic Bla  Conj/Tloc      22%        2d6       22%         4
 Frozen Ramparts          Ice            12%        1d3       26%         3
 Ignite Poison            Fire/Tmut/Pois 6%         N/A       26%         3
 Freezing Cloud           Conj/Ice/Air   8%         6-21      67%         5


Dungeon Overview and Level Annotations

Branches:
Dungeon (4/15)
 Temple: D:4-7

Altars:
Elyvilon
Hepliaklqana
Sif Muna

Shops:
D:2 *

Annotations:
D:2 1 runed translucent door, Crazy Yiuf


Message History

The magic dart hits the black bear.
The black bear is lightly wounded.
Casting: Magic Dart (safe; 1% risk of failure)
Confirm with . or Enter, or press ? or * to list all spells.
Aiming: Magic Dart (safe; 1% risk of failure)
Press: ? - help, Shift-Dir - straight line, f/p - black bear
Aim: a black bear (lightly wounded, 100% to hit)
The magic dart hits the black bear.
The black bear is lightly wounded.
Non-targeted drink: 2 potions of degeneration
Press: ? - help, Q - select action, (/) - cycle Dir - look around, f - activate Look: a black bear (lightly wounded)
Okay, then.
Unknown command.
Casting: Magic Dart (safe; 1% risk of failure)
Confirm with . or Enter, or press ? or * to list all spells.
Aiming: Searing Ray (safe; 1% risk of failure)
Press: ? - help, Shift-Dir - straight line, f/p - black bear
Aim: a black bear (lightly wounded, 86% to hit)
The searing ray hits the black bear.
The black bear is moderately wounded. (Press . to maintain the ray.)
The searing ray hits the black bear!
The black bear is heavily wounded.
The searing ray hits the black bear.
The black bear is severely wounded.
The black bear goes berserk!
The black bear rages.
You hear a shout! x2
The black bear bites you.
The black bear claws you but does no damage.
The black bear barely misses you.
The black bear bites you but does no damage.
The black bear claws you. The black bear completely misses you.
The black bear rages.
The black bear bites you! The black bear claws you.
* * * LOW HITPOINT WARNING * * *
The black bear closely misses you. The black bear bites you!
You die...

#.# #.#.# #.######.#.#
#.##........
#.##.###.#.#
###########..........#
............#.........
.....)..###.#..[####..
#######.###.#...# #.#
#.h@......#...# #.#
#.###.#####...# ...
#.# #.# #...# # #.#
#.# #...# #.# #.#
#...# #.# #.# .....
#.# #.# #.# #.# #.#


You could see a black bear (berserk).

Vanquished Creatures
  A black bear (D:3)
  3 adders
  4 gnolls (D:3)
  A worm (D:2)
  A dart slug (D:2)
  3 orcs (D:3)
  A ball python (D:4)
  3 bats
  6 endoplasms
  4 giant cockroaches
  6 goblins
  6 hobgoblins
  8 kobolds
  A quokka (D:1)
  4 frilled lizards
  4 rats
56 creatures vanquished.

Vanquished Creatures (others)
  8 withered plants (D:2)
8 creatures vanquished.

Grand Total: 64 creatures vanquished

Notes
Turn   | Place    | Note
-------+----------+-------------------------------------------
     0 | D:1      | dranuc9 the Deep Elf Conjurer began the quest for the Orb.
     0 | D:1      | Reached XP level 1. HP: 10/10 MP: 6/6
   126 | D:1      | Reached XP level 2. HP: 15/15 MP: 6/8
   370 | D:1      | Reached skill level 5 in Conjurations
   448 | D:1      | Learned a level 2 spell: Searing Ray
   995 | D:2      | Reached XP level 3. HP: 19/19 MP: 7/9
  1014 | D:2      | Found a hazy altar of Hepliaklqana.
  1244 | D:2      | Found a faded altar of an unknown god.
  1556 | D:2      | Found Deych's General Store.
  1777 | D:2      | Found a runed translucent door.
  1778 | D:2      | Noticed Crazy Yiuf
  2312 | D:3      | Noticed a black bear
  2598 | D:3      | Reached XP level 4. HP: 24/24 MP: 5/11
  2711 | D:3      | Found a white marble altar of Elyvilon.
  2759 | D:3      | Killed a black bear
  2760 | D:3      | Reached skill level 6 in Conjurations
  2760 | D:3      | Reached XP level 5. HP: 28/28 MP: 4/13
  2833 | D:3      | Found a shimmering blue altar of Sif Muna.
  3754 | D:4      | Noticed a black bear
  3771 | D:4      | Slain by a black bear

Illustrated notes

Levels and vault maps discovered:
D:1:      scummos_arrival_simple_crosswalls, layout_basic, minmay_tall_x
D:2:      layout_loops_cross, basic_altar, serial_shops, nicolae_shop_crystal,
          shapermc_ecumenical_altar_flowoftime, uniq_crazy_yiuf_cottage
D:3:      layout_basic, lemuel_crystal_altar, elyvilon_altar_5, minivault_24
D:4:      layout_loops_ring, lightli_temple_of_fire,
          gammafunk_temple_overflow_claw, portal_sewer_entry_d, st_stairs_3

Skill      XL: |  1  2  3  4 |
---------------+-------------+-----
Conjurations   | 5 6 |  6.5
Stealth        | 3 |  3.0
Spellcasting   | 4 |  4.9
Dodging        | |  2.7

Action                   |  1- 3 |  4- 6 || total
-------------------------+-------+-------++-------
Melee: Dagger            |    35 |       ||    35
       Punch             |     1 |       ||     1
 Cast: Magic Dart        |    63 |    33 ||    96
       Searing Ray       |    10 |     5 ||    15
  Use: Scroll            |     6 |       ||     6
Armor: Robe              |     2 |     2 ||     4
Dodge: Dodged            |     8 |     5 ||    13
